 Dungeon Crawl Stone Soup version 0.30.1-9-gdf580d7c3d (webtiles) character file.

Game seed: 12220513136174612641

126 Psyclone the Conjurer (level 4, -15/24 HPs)
             Began as a Deep Elf Conjurer on Sept 28, 2023.
             Killed from afar by Ijyb (18 damage)
             ... with a bolt of acid
             ... on level 3 of the Dungeon.
             The game lasted 00:03:08 (1942 turns).

Psyclone the Conjurer (Deep Elf Conjurer)           Turns: 1942, Time: 00:03:09

Health: -15/24     AC:  3    Str:  4    XL:     4   Next: 84%
Magic:  4/12       EV: 13    Int: 31    God:
Gold:   44         SH:  0    Dex: 15    Spells: 8/11 levels left

rFire   . . .        e - +1 short sword (elec)
rCold   . . .        (no shield)
rNeg    . . .        a - +0 robe
rPois   .            (no helmet)
rElec   .            m - +0 cloak
rCorr   .            (no gloves)
SInv    .            (no boots)
Will    .....        (no amulet)
Stlth   ++++         f - +6 ring of intelligence
HPRegen 0.24/turn    (no ring)
MPRegen 0.13/turn

%: no passive effects
@: no status effects
A: thin skeletal structure 1, wild magic 1
a: no special abilities


You were on level 3 of the Dungeon.
You visited 1 branch of the dungeon, and saw 3 of its levels.

You collected 44 gold pieces.

Inventory:

Hand Weapons
 e - a +1 short sword of electrocution (weapon)
Armour
 a - a +0 robe (worn)
 m - a +0 cloak (worn)
Jewellery
 d - a ring of poison resistance
 f - a +6 ring of intelligence (left hand)
Scrolls
 g - a scroll of identify {unknown}
 h - a scroll of torment {unknown}
 i - a scroll of fog {unknown}
 j - a scroll of teleportation {unknown}
 k - a scroll of immolation {unknown}
 l - a scroll of vulnerability {unknown}
Potions
 b - a potion of magic
 c - a potion of haste


   Skills:
 + Level 3.7 Dodging
 + Level 3.9 Stealth
 + Level 4.2 Spellcasting
 + Level 5.1 Conjurations


You had 8 spell levels left.
You knew the following spells:

 Your Spells              Type           Power      Damage    Failure   Level
a - Magic Dart            Conj           100%       1d8       1%          1
b - Searing Ray           Conj           98%        2d8       2%          2

Your spell library contained the following spells:

 Spells                   Type           Power      Damage    Failure   Level
 Dazzling Flash           Conj/Hex       58%        N/A       10%         3
 Lesser Beckoning         Tloc           16%        N/A       13%         2
 Gell's Gravitas          Tloc           8%         N/A       26%         3
 Teleport Other           Tloc           8%         N/A       26%         3
 Fulminant Prism          Conj/Hex       14%        3d9       28%         4
 Iskenderun's Mystic Bla  Conj/Tloc      29%        2d7       28%         4


Dungeon Overview and Level Annotations

Branches:
Dungeon (3/15) Zot: 16058

Altars:

Shops:
D:1 =

Annotations:
D:3 Ijyb


Innate Abilities, Weirdness & Mutations

You have a somewhat thin skeletal structure. (Dex +2, Stealth+)
Your spells are a little harder to cast, but a little more powerful.


Message History

The searing ray hits Ijyb.
Ijyb is lightly wounded.
Ijyb shouts! (Press . to maintain the ray.)
You hear a shout!
Ijyb screams, "Me kill you!"
Ijyb zaps a wand.
The bolt of acid hits you!!
Ouch! That really hurt!
* * * LOW HITPOINT WARNING * * *
You take 19 damage, and have 5/24 hp.
MASSIVE DAMAGE!!
You now have 10/12 mp.
The searing ray hits Ijyb!
Ijyb is moderately wounded.
A bat comes into view.
You now have 9/12 mp.
The searing ray hits the bat!
You kill the bat!
The searing ray hits Ijyb.
Ijyb is heavily wounded.
You now have 8/12 mp.
The searing ray hits Ijyb.
Ijyb is heavily wounded.
You finish channelling your searing ray.
An orc comes into view. It is wielding a +0 dagger.
You now have 7/12 mp.
Casting: Searing Ray (safe; 2% risk of failure)
Confirm with . or Enter, or press ? or * to list all spells.
Aiming: Searing Ray (safe; 2% risk of failure)
Press: ? - help, Shift-Dir - straight line, f/p - Ijyb
Aim: Ijyb, wielding a +1 dagger of speed, wearing a +0 chain mail and carrying a wand of acid (6) (heavily wounded, 83% to hit)
The searing ray misses Ijyb. (Press . to maintain the ray.) Ijyb screams, "I cut your head off!"
Ijyb hits you with a +1 dagger of speed.
* * * LOW HITPOINT WARNING * * *
You take 3 damage, and have 3/24 hp.
You now have 5/12 mp.
The searing ray misses Ijyb.
The searing ray hits the orc!
You kill the orc!
Ijyb zaps a wand.
The bolt of acid hits you!!
Ouch! That really hurt!
You die...

#.####
#....#
####.#
#.#
#.#
####.#
#....#
#.####
#@#
#g#
.).
##.#.
#.#.#
#.# #
..#
#.#


You could see Ijyb.

Vanquished Creatures
  Crazy Yiuf (D:2)
  Terence (D:2)
  5 adders (D:2)
  An orc (D:3)
  2 endoplasms
  4 goblins
  4 hobgoblins
  2 quokkas
  A ball python (D:1)
  3 bats
  2 frilled lizards
  3 kobolds
  2 rats
31 creatures vanquished.

Notes
Turn   | Place    | Note
-------+----------+-------------------------------------------
     0 | D:1      | Psyclone the Deep Elf Conjurer began the quest for the Orb.
     0 | D:1      | Reached XP level 1. HP: 10/10 MP: 6/6
   277 | D:1      | Reached XP level 2. HP: 15/15 MP: 5/8
   362 | D:1      | Found Kuoxt's Jewellery Shop.
   686 | D:1      | Gained mutation: Your body sometimes deteriorates upon
                  | taking damage. [potion of mutation]
   686 | D:1      | Lost mutation: Your body sometimes deteriorates upon taking
                  | damage. [potion of mutation]
   686 | D:1      | Gained mutation: You have a somewhat thin skeletal
                  | structure. (Dex +2, Stealth+) [potion of mutation]
   686 | D:1      | Gained mutation: Your spells are a little harder to cast,
                  | but a little more powerful. [potion of mutation]
   874 | D:2      | Reached XP level 3. HP: 19/19 MP: 3/10
  1215 | D:2      | Reached XP level 4. HP: 16/24 MP: 6/11
  1331 | D:2      | Noticed Terence
  1340 | D:2      | Killed Terence
  1341 | D:2      | Reached skill level 5 in Conjurations
  1416 | D:2      | Learned a level 2 spell: Searing Ray
  1828 | D:2      | Found a runed translucent door.
  1829 | D:2      | Noticed Crazy Yiuf
  1836 | D:2      | Killed Crazy Yiuf
  1934 | D:3      | Noticed Ijyb
  1942 | D:3      | Killed from afar by Ijyb

Illustrated notes

Levels and vault maps discovered:
D:1:      zelgadis_glass_arrival_small, layout_basic, serial_shops,
          nicolae_shop_tiny_glass
D:2:      layout_loops_ring, uniq_terence, uniq_crazy_yiuf_cottage
D:3:      layout_loops_ring, uniq_robin, uniq_grinder, uniq_sigmund, uniq_ijyb

Skill      XL: |  1  2  3  4 |
---------------+-------------+-----
Dodging        | 3 |  3.7
Stealth        | 3 |  3.9
Spellcasting   | 4 |  4.2
Conjurations   | 5 |  5.1

Action                     |  1- 3 |  4- 6 || total
---------------------------+-------+-------++-------
  Melee: Short sword       |       |     8 ||     8
   Cast: Magic Dart        |    51 |    16 ||    67
         Searing Ray       |       |     3 ||     3
    Use: Potion            |     4 |       ||     4
         Scroll            |     1 |       ||     1
 Armour: Robe              |     1 |       ||     1
  Dodge: Dodged            |     3 |     2 ||     5
